[Event "Titled Tuesday Blitz November 01 Late 2022"]
[White "Aghasiyev, Kamal"]
[Black "Timmermans, Mark"]
[WhiteFideId "13402854"]
[BlackFideId "1026399"]
[WhiteElo "2341"]
[BlackElo "2460"]
[Result "1/2-1/2"]
[Round "06"]
[TimeControl "180+1"]
[Date "2022.11.02"]
[WhiteClock "0:00:02"]
[BlackClock "0:00:46"]

1. d4 Nf6 2. Bg5 Ne4 3. Bf4 c5 4. f3 Qa5+ 5. c3 Nf6 6. d5 e6 7. e4 exd5 8. exd5 d6 9. a4 Be7 10. Bb5+ Bd7 11. Na3 O-O 12. Ne2 a6 13. Nc4 Qc7 14. Bxd7 Nbxd7 15. O-O b5 16. Ne3 Rfe8 17. Ng3 Bf8 18. axb5 axb5 19. Rxa8 Rxa8 20. Ngf5 c4 21. Qd4 Ne5 22. Bxe5 dxe5 23. Qh4 Qb6 24. Kh1 g6 25. d6 Nh5 26. Nd5 Qd8 27. Nde7+ Kh8 28. Qg5 f6 29. Nxg6+ hxg6 30. Qxg6 Qe8 31. Qg4 Ng7 32. Nh6 Ra7 33. Rd1 f5 34. Qh3 Nh5 35. Nxf5 Rh7 36. d7 Qd8 37. Qg4 Nf6 38. Qg6 Rxd7 39. Rxd7 Nxd7 40. Qh5+ Kg8 41. Qg6+ Kh8 42. Qh5+ Kg8 43. Qg6+ Kh8 1/2-1/2


[Site "https://www.chess.com"]

[Event "Titled Tuesday Blitz November 01 Late 2022"]
[White "Aguilar, Juan"]
[Black "Han, Yichen"]
[WhiteFideId "3800091"]
[BlackFideId "1054430"]
[WhiteElo "2434"]
[BlackElo "2323"]
[Result "0-1"]
[Round "06"]
[TimeControl "180+1"]
[Date "2022.11.02"]
[WhiteClock "0:00:03"]
[BlackClock "0:00:25"]

1. d4 g6 2. c4 Bg7 3. Nc3 c5 4. d5 Bxc3+ 5. bxc3 Nf6 6. Bh6 d6 7. f3 Nbd7 8. e4 Nh5 9. g4 Nhf6 10. h4 Ne5 11. Be2 Qa5 12. Qb3 Bd7 13. Nh3 O-O-O 14. Nf4 Rhe8 15. Rb1 Qa6 16. Bg5 Ng8 17. Ng2 Ba4 18. Qb2 Rd7 19. Ne3 e6 20. f4 h6 21. fxe5 hxg5 22. hxg5 dxe5 23. Kf2 f5 24. Bd1 Bxd1 25. Rhxd1 f4 26. Nc2 Qxc4 27. dxe6 Qxe6 28. Rxd7 Qxd7 29. Qa3 Qd2+ 30. Kf3 Qd3+ 31. Kf2 Qxc2+ 32. Kf3 Qd3+ 33. Kf2 Qxb1 34. Qxc5+ Kb8 35. Qd6+ Ka8 36. Qd7 Qc2+ 37. Kf3 Qxc3+ 38. Kf2 Qd4+ 0-1


[Site "https://www.chess.com"]

[Event "Titled Tuesday Blitz November 01 Late 2022"]
[White "Aizpurua, Patrick Emilio"]
[Black "Weetik, Vjacheslav"]
[WhiteFideId "6600522"]
[BlackFideId "4153472"]
[WhiteElo "2378"]
[BlackElo "2469"]
[Result "1-0"]
[Round "06"]
[TimeControl "180+1"]
[Date "2022.11.02"]
[WhiteClock "0:00:33"]
[BlackClock "0:00:04"]

1. d4 Nf6 2. c4 g6 3. Nc3 Bg7 4. e4 d6 5. Nf3 O-O 6. Be2 e5 7. O-O Nc6 8. d5 Ne7 9. Ne1 Nd7 10. Be3 f5 11. f3 f4 12. Bf2 g5 13. Rc1 Rf6 14. c5 Nxc5 15. b4 Na6 16. Nb5 Bd7 17. Qb3 Rh6 18. Nxa7 Qe8 19. Bxa6 Qh5 20. h4 Ng6 21. Rxc7 Nxh4 22. Bxh4 gxh4 23. Rxd7 h3 24. Kf2 bxa6 25. Nc6 Qh4+ 26. Ke2 Rg6 27. Ne7+ Kh8 28. Nxg6+ hxg6 29. Rh1 h2 30. Nd3 Rc8 31. Rxd6 Qg3 32. Nf2 Qxg2 33. Rc6 Rb8 34. Qc3 g5 35. Rc8+ Kh7 36. Rxb8 g4 37. fxg4 1-0


[Site "https://www.chess.com"]

[Event "Titled Tuesday Blitz November 01 Late 2022"]
[White "Aldokhin, Ivan"]
[Black "Wartiovaara, Oliver"]
[WhiteFideId "24115720"]
[BlackFideId "513024"]
[WhiteElo "2313"]
[BlackElo "2197"]
[Result "1-0"]
[Round "06"]
[TimeControl "180+1"]
[Date "2022.11.02"]
[WhiteClock "0:01:12"]
[BlackClock "0:01:01"]

1. e4 e6 2. d4 d5 3. Nc3 Nf6 4. e5 Nfd7 5. f4 c5 6. Nf3 Nc6 7. Be3 Qb6 8. a3 cxd4 9. Nxd4 Nxd4 10. Bxd4 Bc5 11. Na4 Qa5+ 12. c3 Bxd4 13. Qxd4 b6 14. Bd3 Ba6 15. Bc2 Qb5 16. O-O-O Nc5 17. Nxc5 bxc5 18. Qa4 Qxa4 19. Bxa4+ Ke7 20. b4 cxb4 21. cxb4 Bc4 22. Kb2 a5 23. Bb3 axb4 24. axb4 Rab8 25. Bxc4 dxc4 26. Kc3 Ra8 27. Ra1 f6 28. Kxc4 fxe5 29. fxe5 Rhc8+ 30. Kb3 Rxa1 31. Rxa1 Rd8 32. Ra7+ Kf8 33. b5 Rd5 34. Kc4 Rxe5 35. b6 Re1 36. b7 Rc1+ 37. Kd3 1-0


[Site "https://www.chess.com"]

[Event "Titled Tuesday Blitz November 01 Late 2022"]
[White "Ali Abdullahi, Farah"]
[Black "Boidiya, Sidi"]
[WhiteFideId "16100212"]
[BlackFideId "19600100"]
[WhiteElo "2294"]
[BlackElo "2113"]
[Result "0-1"]
[Round "06"]
[TimeControl "180+1"]
[Date "2022.11.02"]
[WhiteClock "0:00:12"]
[BlackClock "0:00:24"]

1. d4 d5 2. Nf3 Nf6 3. c4 c6 4. cxd5 cxd5 5. Nc3 e6 6. Bg5 Be7 7. e3 Nbd7 8. Bd3 h6 9. Bxf6 Nxf6 10. O-O a6 11. Rc1 b5 12. a3 Bb7 13. Re1 O-O 14. e4 dxe4 15. Nxe4 Qd5 16. Bc2 Rfd8 17. Bb3 Qh5 18. Ng3 Bxf3 19. Nxh5 Bxd1 20. Nxf6+ Bxf6 21. Rcxd1 Rxd4 22. Rxd4 Bxd4 23. Rd1 Bxb2 24. a4 bxa4 25. Bxa4 Bf6 26. g3 Rd8 27. Rc1 Rd6 28. Rc2 Bd4 29. Kg2 g5 30. h4 Kg7 31. hxg5 hxg5 32. f4 gxf4 33. gxf4 f5 34. Kf3 Kf6 35. Rh2 Bc5 36. Bc2 Rd4 37. Rh6+ Ke7 38. Rh7+ Kf6 39. Rh6+ Kf7 40. Rh7+ Ke8 41. Rh6 Kd7 42. Rh7+ Kc6 43. Rh6 Bd6 44. Rxe6 Rxf4+ 45. Ke3 Rf1 46. Rf6 f4+ 47. Ke2 Ra1 48. Be4+ Kc5 49. Kd3 Ra3+ 50. Kc2 Be5 51. Rf5 Kd4 52. Bd3 Rxd3 53. Rf8 Rc3+ 54. Kd2 Rc5 55. Ra8 Rd5 56. Rxa6 Ke4+ 57. Ke2 f3+ 58. Kf2 Bd4+ 59. Kg3 Rg5+ 60. Kh2 Rg2+ 61. Kh3 Rg7 62. Ra8 f2 63. Rf8 Kd3 64. Kh2 Ke2 65. Kh3 f1=Q+ 66. Rxf1 Kxf1 67. Kh4 Kf2 68. Kh5 Rg3 69. Kh6 Kf3 70. Kh5 Rg4 71. Kh6 Kf4 72. Kh5 Kf5 73. Kh6 Rg5 74. Kh7 Bg1 75. Kh6 Bf2 76. Kh7 Rg6 77. Kh8 Kf6 78. Kh7 Kf7 79. Kh8 Rh6# 0-1


[Site "https://www.chess.com"]

[Event "Titled Tuesday Blitz November 01 Late 2022"]
[White "Ambartsumova, Karina"]
[Black "Bacrot, Etienne"]
[WhiteFideId "4166299"]
[BlackFideId "605506"]
[WhiteElo "2299"]
[BlackElo "2666"]
[Result "0-1"]
[Round "06"]
[TimeControl "180+1"]
[Date "2022.11.02"]
[WhiteClock "0:00:03"]
[BlackClock "0:00:11"]

1. d4 Nf6 2. Nf3 g6 3. g3 Bg7 4. Bg2 O-O 5. O-O c5 6. b3 cxd4 7. Nxd4 e5 8. Nf3 Nc6 9. Bb2 Re8 10. c4 d5 11. cxd5 Nxd5 12. Na3 Bf5 13. Nc4 b5 14. Nfxe5 Nxe5 15. Nxe5 Bxe5 16. Bxe5 Rxe5 17. Qd4 Qe7 18. e4 Bxe4 19. Bxe4 Rd8 20. Bxd5 Rexd5 21. Qf4 Qe5 22. Qxe5 Rxe5 23. a4 b4 24. Rfd1 Red5 25. Rxd5 Rxd5 26. Kf1 Kf8 27. Ke2 Ke7 28. Rc1 Kd7 29. Rc4 a5 30. h4 h5 31. Ke3 Ke6 32. Re4+ Kf6 33. Rf4+ Kg7 34. Rc4 f6 35. Rc7+ Kh6 36. Rc6 Kg7 37. Rc7+ Kf8 38. Rc6 Ke7 39. Ra6 Rc5 40. Ra7+ Ke6 41. Ke2 Ke5 42. Re7+ Kd4 43. Rd7+ Kc3 44. Rd3+ Kc2 45. Rf3 f5 46. Re3 Kb2 47. f4 Rc2+ 48. Kf3 Rc3 49. Ke2 Rxe3+ 50. Kxe3 Kxb3 51. Kd4 Ka2 52. Kc4 b3 53. Kc3 b2 54. Kc4 b1=Q 0-1


[Site "https://www.chess.com"]

[Event "Titled Tuesday Blitz November 01 Late 2022"]
[White "Annaberdiyev, Babageldi"]
[Black "Baskakov, Egor"]
[WhiteFideId "14000385"]
[BlackFideId "24197866"]
[WhiteElo "2332"]
[BlackElo "2211"]
[Result "0-1"]
[Round "06"]
[TimeControl "180+1"]
[Date "2022.11.01"]
[WhiteClock "0:01:39"]
[BlackClock "0:00:12"]

1. e4 c5 2. Nf3 Nf6 3. d3 Nc6 4. Nbd2 d5 5. g3 g6 6. Bg2 Bg7 7. O-O O-O 8. Re1 e5 9. c3 h6 10. a4 Re8 11. h3 Rb8 12. exd5 Nxd5 13. Nc4 b6 14. Qb3 Be6 15. Qc2 Qc7 16. Ne3 Rbd8 17. Nxd5 Bxd5 18. Be3 Qb7 19. Red1 Nd4 20. cxd4 exd4 21. Bf4 Bxf3 22. Bxf3 Qxf3 23. Re1 g5 24. Bc7 Rc8 25. Bd6 Qd5 26. Be7 Rc7 27. Bxg5 Rxe1+ 28. Rxe1 hxg5 29. Re8+ Kh7 30. Qe2 Qc6 31. Qh5+ Qh6 32. Qg4 Qg6 33. Ra8 f5 34. Qf3 Re7 35. Qd5 f4 36. g4 Qxd3 37. Qxg5 Qe4 38. Qh5+ Bh6 39. g5 Qe1+ 40. Kg2 f3+ 41. Qxf3 Qe4 42. Qxe4+ Rxe4 43. gxh6 d3 44. Rd8 c4 45. b3 cxb3 46. Rxd3 Rb4 47. Rd1 Rxa4 48. Rb1 Rb4 49. Kf3 a5 50. Ke3 a4 51. Kd3 a3 52. Kc3 a2 0-1


[Site "https://www.chess.com"]

[Event "Titled Tuesday Blitz November 01 Late 2022"]
[White "Antonio, Jorge Carlos"]
[Black "Do Nascimento,Christian Almeida"]
[WhiteFideId "113190"]
[BlackFideId "2143801"]
[WhiteElo "2247"]
[BlackElo "2079"]
[Result "1-0"]
[Round "06"]
[TimeControl "180+1"]
[Date "2022.11.02"]
[WhiteClock "0:01:14"]
[BlackClock "0:00:47"]

1. d4 d5 2. Bf4 Nf6 3. Nf3 c5 4. e3 e6 5. c3 Nc6 6. Bd3 Ne4 7. Nbd2 f5 8. Bxe4 fxe4 9. Ne5 Nxe5 10. Bxe5 Qg5 11. O-O Be7 12. f4 exf3 13. Rxf3 Bf6 14. Bxf6 gxf6 15. Rg3 Qh6 16. e4 Bd7 17. exd5 O-O-O 18. Ne4 cxd4 19. Nd6+ Kb8 20. Nf7 Qf4 21. Nxh8 Rxh8 22. Qxd4 Qxd4+ 23. cxd4 exd5 24. Re1 h5 25. Re7 Bc6 26. Rgg7 a6 27. b4 h4 28. a4 b6 29. b5 axb5 30. axb5 Ba8 31. Rgf7 h3 32. g3 Rc8 33. Kf2 Rc2+ 34. Ke3 Rc8 35. Rxf6 1-0


[Site "https://www.chess.com"]

[Event "Titled Tuesday Blitz November 01 Late 2022"]
[White "Araujo Sanchez, Josue"]
[Black "Gareyev, Timur"]
[WhiteFideId "6416896"]
[BlackFideId "14200937"]
[WhiteElo "2370"]
[BlackElo "2552"]
[Result "0-1"]
[Round "06"]
[TimeControl "180+1"]
[Date "2022.11.02"]
[WhiteClock "0:00:35"]
[BlackClock "0:00:28"]

1. Nf3 d6 2. c4 e5 3. Nc3 f5 4. d4 e4 5. Ng5 Be7 6. Nh3 Nf6 7. g3 O-O 8. Bg2 c6 9. O-O Na6 10. f3 Nc7 11. Bg5 Ne6 12. Bxf6 Bxf6 13. e3 exf3 14. Bxf3 g5 15. Bg2 Ng7 16. Qd2 Qe8 17. Nf2 Qh5 18. Rae1 Bd7 19. Nd3 Rae8 20. Bf3 Qg6 21. b4 f4 22. exf4 Bxd4+ 23. Kh1 Bh3 24. Rxe8 Rxe8 25. Re1 Re6 26. Ne4 g4 27. Ng5 Qxd3 0-1


[Site "https://www.chess.com"]

[Event "Titled Tuesday Blitz November 01 Late 2022"]
[White "Arbunic Castro, Giovanna"]
[Black "Fernandez Siles, Luis"]
[WhiteFideId "3400549"]
[BlackFideId "2209420"]
[WhiteElo "1845"]
[BlackElo "2186"]
[Result "1-0"]
[Round "06"]
[TimeControl "180+1"]
[Date "2022.11.02"]
[WhiteClock "0:00:52"]
[BlackClock "0:00:17"]

1. e4 c5 2. g3 d5 3. exd5 Qxd5 4. Nf3 Bg4 5. Bg2 Qe6+ 6. Kf1 Nc6 7. h3 Bh5 8. g4 Bg6 9. Nc3 Nf6 10. d3 Qd7 11. Be3 e6 12. d4 c4 13. Ne5 Nxe5 14. dxe5 Qxd1+ 15. Rxd1 Nd5 16. Nxd5 exd5 17. Bxd5 O-O-O 18. Bxb7+ Kc7 19. Rxd8 Kxd8 20. Kg2 Bxc2 21. Rc1 Bd3 22. Bd5 Bb4 23. Bxf7 Rf8 24. Bxc4 Be4+ 25. Kg1 h5 26. Bxa7 hxg4 27. hxg4 Rh8 28. Bb6+ Ke7 29. f3 Bxf3 30. Kf2 Bxg4 31. Rg1 Rf8+ 32. Ke3 Rf3+ 33. Ke4 1-0


[Site "https://www.chess.com"]

[Event "Titled Tuesday Blitz November 01 Late 2022"]
[White "Arnold, Ken"]
[Black "Sanchez Enriquez, Oscar Gerardo"]
[WhiteFideId "2056836"]
[BlackFideId "5106311"]
[WhiteElo "2314"]
[BlackElo "2375"]
[Result "1-0"]
[Round "06"]
[TimeControl "180+1"]
[Date "2022.11.02"]
[WhiteClock "0:00:04"]
[BlackClock "0:00:21"]

1. d4 d6 2. c4 e5 3. dxe5 dxe5 4. Qc2 Nc6 5. e3 Be6 6. a3 Nf6 7. Nc3 a5 8. Nf3 Bc5 9. Be2 O-O 10. O-O Qe7 11. Rd1 Bg4 12. h3 Bh5 13. Nd5 Nxd5 14. cxd5 Nb8 15. b3 Bd6 16. Bb2 Nd7 17. Ne1 Bg6 18. Bd3 e4 19. Bf1 Rfe8 20. b4 Qg5 21. bxa5 Rxa5 22. Qc3 Be5 23. Qxa5 Bxb2 24. Qxc7 Bxa1 25. Qxd7 Rd8 26. Qxb7 Be5 27. a4 h5 28. a5 Bd6 29. a6 Qe5 30. g3 h4 31. Ng2 hxg3 32. Nf4 Bh5 33. Rc1 gxf2+ 34. Kxf2 Qf5 35. a7 Bxf4 36. a8=Q Bxe3+ 37. Kxe3 Qf3+ 38. Kd4 e3 39. Qxd8+ Kh7 40. Bd3+ Kh6 41. Qh8+ Kg5 42. Qe7+ f6 43. Qxe3+ Kh4 44. Qxf3 1-0


[Site "https://www.chess.com"]

[Event "Titled Tuesday Blitz November 01 Late 2022"]
[White "Ashiku, Franc"]
[Black "Kravtsiv, Martyn"]
[WhiteFideId "4700066"]
[BlackFideId "14113147"]
[WhiteElo "2306"]
[BlackElo "2694"]
[Result "0-1"]
[Round "06"]
[TimeControl "180+1"]
[Date "2022.11.02"]
[WhiteClock "0:00:03"]
[BlackClock "0:00:23"]

1. d4 d5 2. c4 e6 3. Nf3 Nf6 4. g3 Nbd7 5. Bg2 dxc4 6. O-O a5 7. Qc2 b5 8. Nbd2 Bb7 9. a4 c6 10. b3 cxb3 11. Qxb3 Bb4 12. Ne5 Nxe5 13. dxe5 Nd5 14. Ne4 O-O 15. Rd1 bxa4 16. Qf3 Qe7 17. Bb2 Kh8 18. Qh5 Rad8 19. Nf6 h6 20. Rxd5 Rxd5 21. Bxd5 exd5 22. e6 Qxe6 23. Ng4 Qg6 24. Qh3 Kg8 25. Ne5 Qe6 26. Qh4 Be7 27. Qh5 c5 28. Ng4 d4 29. Bc1 Qe4 30. Nxh6+ gxh6 31. Bxh6 Qg2# 0-1


[Site "https://www.chess.com"]

[Event "Titled Tuesday Blitz November 01 Late 2022"]
[White "Averjanov, Alexey"]
[Black "Mikhailuk, Slava"]
[WhiteFideId "14109867"]
[BlackFideId "2012910"]
[WhiteElo "2661"]
[BlackElo "2353"]
[Result "0-1"]
[Round "06"]
[TimeControl "180+1"]
[Date "2022.11.02"]
[WhiteClock "0:00:43"]
[BlackClock "0:01:00"]

1. d4 Nf6 2. c4 g6 3. Nc3 d5 4. cxd5 Nxd5 5. e4 Nxc3 6. bxc3 Bg7 7. Nf3 O-O 8. Be3 c5 9. Qd2 Qa5 10. Rc1 Nc6 11. d5 Ne5 12. Nxe5 Bxe5 13. f4 Bg7 14. c4 Qa3 15. Be2 e6 16. O-O exd5 17. cxd5 b6 18. Bf3 Ba6 19. Rfd1 Rac8 20. e5 Rfd8 21. d6 c4 22. Bg4 c3 23. Qd5 c2 24. Re1 Rc3 25. Bd4 Rd3 26. e6 Bxd4+ 27. Kh1 Qxd6 28. exf7+ Kg7 29. Re8 Qxf4 30. f8=Q+ Qxf8 31. Qxd8 Rd1+ 32. Bxd1 Qf1# 0-1


[Site "https://www.chess.com"]

[Event "Titled Tuesday Blitz November 01 Late 2022"]
[White "Azarov, Sergei"]
[Black "Manolache, Marius"]
[WhiteFideId "13501470"]
[BlackFideId "1201530"]
[WhiteElo "2494"]
[BlackElo "2364"]
[Result "0-1"]
[Round "06"]
[TimeControl "180+1"]
[Date "2022.11.02"]
[WhiteClock "0:00:05"]
[BlackClock "0:00:17"]

1. e4 c5 2. Nf3 e6 3. d4 cxd4 4. Nxd4 Nc6 5. Nc3 Qc7 6. Be2 Nf6 7. O-O Bb4 8. Bg5 Bxc3 9. Bxf6 Bxd4 10. Bxd4 Nxd4 11. Qxd4 f6 12. c4 b6 13. Rad1 Bb7 14. Rd2 O-O 15. Qxd7 Qxd7 16. Rxd7 Bxe4 17. Rfd1 Bc6 18. R7d6 Rac8 19. Rxe6 Kf7 20. Red6 Rc7 21. f3 Re8 22. Kf2 g6 23. R1d2 Re5 24. b4 h5 25. Bd1 Ke7 26. Bb3 Be8 27. R6d4 Bf7 28. h4 g5 29. Kg3 Be6 30. R2d3 Re2 31. Rc3 a5 32. a3 Rb2 0-1


[Site "https://www.chess.com"]

[Event "Titled Tuesday Blitz November 01 Late 2022"]
[White "Baglan, Esat"]
[Black "Jobava, Baadur"]
[WhiteFideId "6309216"]
[BlackFideId "13601520"]
[WhiteElo "2231"]
[BlackElo "2582"]
[Result "0-1"]
[Round "06"]
[TimeControl "180+1"]
[Date "2022.11.02"]
[WhiteClock "0:01:05"]
[BlackClock "0:01:16"]

1. e4 e6 2. d4 d5 3. e5 c5 4. c3 Nc6 5. Nf3 Qb6 6. Be2 Bd7 7. O-O cxd4 8. cxd4 Nge7 9. Na3 Nf5 10. Nc2 Be7 11. Bd3 g6 12. Bxf5 gxf5 13. Bg5 Rg8 14. Bxe7 Nxe7 15. Qd2 O-O-O 16. Rfc1 Kb8 17. Nb4 Rc8 18. Nd3 Qd8 19. Rxc8+ Bxc8 20. Rc1 b6 21. Qh6 Qf8 22. Qxf8 Rxf8 23. Ng5 h6 24. Nh7 Rd8 25. Nf6 a5 26. f4 Ba6 27. Ne1 Kb7 28. Kf2 Nc6 29. Ke3 Rc8 30. Rc3 a4 31. h3 Bc4 32. b3 axb3 33. axb3 Bb5 34. g4 Ra8 35. Rc2 Ra3 36. Rc3 Ra2 37. Nc2 Rb2 38. gxf5 Ne7 39. Ne8 Nxf5+ 40. Kf3 Bxe8 0-1


[Site "https://www.chess.com"]

[Event "Titled Tuesday Blitz November 01 Late 2022"]
[White "Bartel, Mateusz"]
[Black "Svane, Rasmus"]
[WhiteFideId "1112635"]
[BlackFideId "4657101"]
[WhiteElo "2530"]
[BlackElo "2674"]
[Result "1/2-1/2"]
[Round "06"]
[TimeControl "180+1"]
[Date "2022.11.01"]
[WhiteClock "0:00:18"]
[BlackClock "0:00:42"]

1. e4 c6 2. d4 d5 3. exd5 cxd5 4. Bd3 Nc6 5. c3 Nf6 6. h3 e5 7. dxe5 Nxe5 8. Bb5+ Bd7 9. Bxd7+ Qxd7 10. Nf3 Bd6 11. O-O O-O 12. Nbd2 Nd3 13. Nb3 Nxc1 14. Rxc1 Rfe8 15. Rc2 a6 16. Re2 Rxe2 17. Qxe2 Re8 18. Qd3 h6 19. Rd1 Bc7 20. Nbd4 Re4 21. Nd2 Re8 22. N2f3 Re4 23. Nc2 Bb6 24. Kf1 Qe7 25. Ncd4 g6 26. Nd2 Re5 27. N2f3 Re4 28. Nd2 Re5 29. N2f3 Re4 1/2-1/2


[Site "https://www.chess.com"]

[Event "Titled Tuesday Blitz November 01 Late 2022"]
[White "Bazzano, Sebastian"]
[Black "Pavlidou, Ekaterini"]
[WhiteFideId "104566"]
[BlackFideId "4213262"]
[WhiteElo "2219"]
[BlackElo "2125"]
[Result "0-1"]
[Round "06"]
[TimeControl "180+1"]
[Date "2022.11.02"]
[WhiteClock "0:00:03"]
[BlackClock "0:00:25"]

1. d4 Nf6 2. Bf4 d5 3. e3 e6 4. Nd2 c5 5. c3 Nc6 6. Ngf3 Bd6 7. Bg3 Bxg3 8. hxg3 h6 9. Bd3 O-O 10. O-O cxd4 11. exd4 Ne8 12. Re1 Nd6 13. Ne5 f5 14. Ndf3 Ne4 15. Nxc6 bxc6 16. Bxe4 fxe4 17. Ne5 Bd7 18. Qg4 Rf6 19. Re3 Be8 20. Rf1 Rb8 21. b4 a5 22. a3 axb4 23. axb4 Ra8 24. f3 Ra2 25. fxe4 dxe4 26. Qxe4 Rxf1+ 27. Kxf1 c5 28. bxc5 Qb8 29. Nf3 Ra1+ 30. Re1 Bb5+ 31. Kf2 Ra2+ 32. Kg1 Bc4 33. Ne5 Bd5 34. Qf4 Rxg2+ 35. Kf1 Qe8 36. c4 Ba8 37. c6 Bxc6 38. Nxc6 Rh2 39. Ne5 Qh5 40. Nf3 Qh3+ 0-1


[Site "https://www.chess.com"]

[Event "Titled Tuesday Blitz November 01 Late 2022"]
[White "Becerra, Juan David"]
[Black "Jaferian, Koosha"]
[WhiteFideId "4404998"]
[BlackFideId "12507440"]
[WhiteElo "2278"]
[BlackElo "2127"]
[Result "1-0"]
[Round "06"]
[TimeControl "180+1"]
[Date "2022.11.02"]
[WhiteClock "0:02:07"]
[BlackClock "0:01:30"]

1. e4 c6 2. c4 d5 3. cxd5 cxd5 4. exd5 Nf6 5. Qa4+ Bd7 6. Qb3 e6 7. Qxb7 exd5 8. Qxa8 Bc5 9. Qb7 Bb6 10. Nc3 O-O 11. Bb5 Re8+ 12. Nge2 d4 13. O-O dxc3 14. Nxc3 Bxb5 15. Nxb5 Qd3 16. a4 Bxf2+ 17. Kxf2 Ng4+ 18. Kg1 Qd4+ 19. Nxd4 1-0


[Site "https://www.chess.com"]

[Event "Titled Tuesday Blitz November 01 Late 2022"]
[White "Besedes, Danilo"]
[Black "Olenik Campa, Rudi"]
[WhiteFideId "946796"]
[BlackFideId "14633264"]
[WhiteElo "2352"]
[BlackElo "2051"]
[Result "1-0"]
[Round "06"]
[TimeControl "180+1"]
[Date "2022.11.02"]
[WhiteClock "0:00:16"]
[BlackClock "0:00:05"]

1. d3 g6 2. e4 Bg7 3. Nf3 e5 4. Nc3 Ne7 5. h4 h5 6. Bg5 O-O 7. Qd2 c6 8. Bh6 b5 9. Bxg7 Kxg7 10. Nxe5 d6 11. Nf3 a5 12. Be2 a4 13. a3 c5 14. Nxb5 Nbc6 15. Nc3 Rb8 16. Rb1 d5 17. exd5 Nxd5 18. Ne4 Nd4 19. Nxd4 cxd4 20. Bf3 f5 21. Ng5 Re8+ 22. Kf1 Bb7 23. Rh3 Qd6 24. Re1 Ba8 25. Rxe8 Rxe8 26. Qa5 Qe5 27. Kg1 Nf4 28. Qxe5+ Rxe5 29. Bxa8 Nxh3+ 30. Nxh3 Re2 31. Bc6 Rxc2 32. Bxa4 Rxb2 33. Nf4 Ra2 34. Bb5 Rxa3 35. Ne6+ Kf6 36. Nxd4 Ke5 37. Nf3+ Kf6 38. g3 Ra1+ 39. Kg2 Rb1 40. Bc4 Rb8 41. Nd4 Rd8 42. Nc2 g5 43. hxg5+ Kxg5 44. Ne1 f4 45. Nf3+ Kf5 46. Kh3 fxg3 47. fxg3 Rd7 48. Kh4 Rg7 49. Bd5 Rg4+ 50. Kh3 Rg7 51. Be4+ Kf6 52. Kh4 Rg4+ 53. Kh3 Rg7 54. Ng1 Rg5 55. Ne2 Rg7 56. Nf4 Rg5 57. Bf3 Ke5 58. Bxh5 Kd4 59. Bf3 Ke3 60. Kg2 Ra5 61. Be4 Ra2+ 62. Kh3 Ra7 63. Nd5+ Kd4 64. g4 Rg7 65. Kh4 Ke5 66. Ne3 Kf4 67. Ng2+ Ke5 68. Kh5 Rg8 69. g5 Ke6 70. Kg4 Ke5 71. Nf4 Rb8 72. Nh5 Rb1 73. g6 Rg1+ 74. Kh4 Rh1+ 75. Kg5 Rg1+ 76. Kh6 Ke6 77. Ng7+ Kf6 78. Nh5+ Ke7 79. Kg7 Rh1 80. Nf6 Rf1 81. Nd5+ Ke8 82. Ne3 Re1 83. Nf5 Ra1 84. Kg8 Rg1 85. g7 Rg5 86. Nh6 Ke7 87. Kh7 1-0


[Site "https://www.chess.com"]

[Event "Titled Tuesday Blitz November 01 Late 2022"]
[White "Bettalli, Francesco"]
[Black "Jimenez Fernandez, Rebeca"]
[WhiteFideId "2816453"]
[BlackFideId "32070934"]
[WhiteElo "2216"]
[BlackElo "1946"]
[Result "1-0"]
[Round "06"]
[TimeControl "180+1"]
[Date "2022.11.02"]
[WhiteClock "0:00:21"]
[BlackClock "0:00:16"]

1. d4 Nf6 2. Nc3 d5 3. Bg5 e6 4. e4 Be7 5. e5 Nfd7 6. Bxe7 Qxe7 7. f4 c5 8. Nb5 O-O 9. Nc7 Nb6 10. Nxa8 Nxa8 11. Nf3 Nc6 12. c3 f6 13. Bd3 cxd4 14. cxd4 fxe5 15. fxe5 Nxd4 16. Bxh7+ Kxh7 17. Qxd4 Nb6 18. O-O Bd7 19. Ng5+ Qxg5 20. Rxf8 Nc4 21. Raf1 Nxe5 22. Rb8 Bb5 23. Qf4 Qe7 24. Qxe5 Qc5+ 25. Kh1 Bxf1 26. Qh5# 1-0


[Site "https://www.chess.com"]

[Event "Titled Tuesday Blitz November 01 Late 2022"]
[White "Bilan, Danila"]
[Black "Freile Martin, Javier"]
[WhiteFideId "24161918"]
[BlackFideId "3600165"]
[WhiteElo "2203"]
[BlackElo "2353"]
[Result "1-0"]
[Round "06"]
[TimeControl "180+1"]
[Date "2022.11.02"]
[WhiteClock "0:00:38"]
[BlackClock "0:00:13"]

1. d4 Nf6 2. Nf3 g6 3. Bg5 Bg7 4. c3 d6 5. Nbd2 Nbd7 6. e4 O-O 7. Qc2 e5 8. dxe5 dxe5 9. Bc4 Qe7 10. O-O h6 11. Bh4 g5 12. Bg3 Nh5 13. Rfe1 Nf4 14. Nf1 Nb6 15. Bb3 Bg4 16. Ne3 Bxf3 17. gxf3 a5 18. Nf5 Qc5 19. a4 Rad8 20. Rad1 Nc8 21. Rxd8 Rxd8 22. Rd1 Nd6 23. Bxf4 exf4 24. Rd5 Qb6 25. Nxg7 Kxg7 26. e5 Re8 27. exd6 cxd6 28. Rd1 Qa6 29. Qf5 Re7 30. Kg2 Qb6 31. Bc2 Re6 32. Be4 Qxb2 33. Qh7+ Kf8 34. Bd5 Rf6 35. Re1 1-0


[Site "https://www.chess.com"]

[Event "Titled Tuesday Blitz November 01 Late 2022"]
[White "Bluebaum, Matthias"]
[Black "Yanchenko, Roman"]
[WhiteFideId "24651516"]
[BlackFideId "4137329"]
[WhiteElo "2633"]
[BlackElo "2514"]
[Result "1-0"]
[Round "06"]
[TimeControl "180+1"]
[Date "2022.11.01"]
[WhiteClock "0:01:20"]
[BlackClock "0:00:14"]

1. d4 d5 2. c4 c6 3. Nc3 Nf6 4. Nf3 g6 5. cxd5 cxd5 6. Bf4 a6 7. e3 Nc6 8. Bd3 Bf5 9. Bxf5 gxf5 10. O-O e6 11. Ne5 Nxe5 12. Bxe5 Bd6 13. Qa4+ b5 14. Bxf6 Qxf6 15. Nxb5 Bxh2+ 16. Kxh2 O-O 17. Nc3 Kh8 18. g3 Rg8 19. Rh1 f4 20. exf4 Rg4 21. Ne2 Qf5 22. Qb3 Qe4 23. Qe3 Qc2 24. Kg2 Qxb2 25. Rab1 Qxa2 26. Qe5+ Rg7 27. Rb7 Rf8 28. Rb8 Rxb8 29. Qxb8+ Rg8 30. Qe5+ Rg7 31. f5 f6 32. Qb8+ Rg8 33. Qc7 Rg7 34. Qd8+ Rg8 35. Qxf6+ Rg7 36. Nf4 Qe2 37. Qf8+ Rg8 38. Ng6# 1-0


[Site "https://www.chess.com"]

[Event "Titled Tuesday Blitz November 01 Late 2022"]
[White "Bortnyk, Olexandr"]
[Black "Boruchovsky, Avital"]
[WhiteFideId "14120828"]
[BlackFideId "2800055"]
[WhiteElo "2723"]
[BlackElo "2466"]
[Result "1-0"]
[Round "06"]
[TimeControl "180+1"]
[Date "2022.11.01"]
[WhiteClock "0:00:02"]
[BlackClock "0:00:02"]

1. d4 d5 2. Nc3 Nf6 3. Bf4 a6 4. e3 c5 5. dxc5 Nc6 6. a3 e5 7. Bg5 Be6 8. b4 Be7 9. Nf3 h6 10. Bh4 g5 11. Bg3 d4 12. exd4 exd4 13. Ne2 Ne4 14. Nfxd4 Bf6 15. Nxe6 fxe6 16. Qxd8+ Rxd8 17. Rd1 O-O 18. f3 Nxg3 19. hxg3 Kg7 20. c3 Be5 21. g4 Rfe8 22. g3 Ne7 23. f4 Bf6 24. Bg2 Nd5 25. Bxd5 exd5 26. Kf2 Re4 27. Nd4 gxf4 28. Nf5+ Kg6 29. Rxh6+ Kg5 30. Rdh1 fxg3+ 31. Nxg3 Rf4+ 32. Kg2 Kxg4 33. Rg6+ Bg5 34. Rh5 Rf5 35. Nxf5 Kxh5 36. Rg7 Rf8 37. Nd4 Bd2 38. Rxb7 Bxc3 39. Ne6 Rf6 40. Re7 d4 41. c6 d3 42. c7 Rg6+ 43. Kf3 d2 44. Rd7 Rg8 45. Nd8 Rg7 46. c8=Q Re7 47. Rd5+ Kh6 48. Qxc3 d1=Q+ 49. Rxd1 1-0


[Site "https://www.chess.com"]